 Dungeon Crawl Stone Soup version 0.31-a0-230-g09eb5fc4d3 (webtiles) character file.

Game seed: 8971174868610992851

224 qw the Shooter (level 6, -2/36 HPs)
             Began as a Gargoyle Hexslinger on July 6, 2023.
             Killed by divine providence
             ... invoked by an orc priest
              (11 damage)
             ... on level 3 of the Dungeon.
             The game lasted 00:01:03 (2388 turns).

qw the Shooter (Gargoyle Hexslinger)                Turns: 2388, Time: 00:01:03

Health: -2/36      AC: 11    Str: 12    XL:     6   Next: 0%
Magic:  7/7        EV: 10    Int: 13    God:
Gold:   166        SH:  0    Dex: 14    Spells: 6/7 levels left

rFire   . . .        Y - +2 sling
rCold   . . .        (no shield)
rNeg    + . .        b - +0 ring mail
rPois   inf          a - +0 helmet
rElec   +            g - +0 cloak
rCorr   .            (no gloves)
SInv    .            (no boots)
Will    .....        (no amulet)
Stlth   +            (no ring)
HPRegen 0.26/turn    (no ring)
MPRegen 0.10/turn

%: no passive effects
@: no status effects
A: sickness immunity, AC +4, negative energy resistance 1, electricity
resistance, torment resistance 1, petrification resistance
a: no special abilities


You were on level 3 of the Dungeon.
You visited 1 branch of the dungeon, and saw 3 of its levels.
You also visited: Sewer.

You collected 166 gold pieces.


Innate Abilities, Weirdness & Mutations

You are immune to sickness and miasma.
Your stone body is resilient. (AC +4)
You are immune to poison.
You resist negative energy. (rN+)
You are resistant to electric shocks. (rElec)
You are resistant to unholy torment.
You are immune to petrification.


   Skills:
 + Level 2.8 Fighting
 - Level 5.2 Ranged Weapons
 - Level 1.4 Armour
 - Level 1.5 Dodging
 - Level 1.0 Spellcasting
 - Level 2.6 Hexes


You had 6 spell levels left.
You knew the following spells:

 Your Spells              Type           Power      Damage    Failure   Level
a - Slow                  Hex            28%        N/A       21%         1

Your spell library contained the following spells:

 Spells                   Type           Power      Damage    Failure   Level
 Inner Flame              Hex/Fire       4%         N/A       71%         3
 Portal Projectile        Hex/Tloc       8%         N/A       71%         3
 Cause Fear               Hex            3%         N/A       90%         4

Inventory:

Hand Weapons
 Y - a +2 sling (weapon)
Armour
 a - a +0 helmet (worn)
 b - a +0 ring mail (worn)
 g - a +0 cloak (worn)
Potions
 c - 2 potions of enlightenment
 f - 3 potions of curing

Dungeon Overview and Level Annotations

Branches:
Dungeon (3/15)              Sewer (visited)

Altars:


Message History

Beogh smites you!
You shoot a sling bullet.
The sling bullet barely misses the orc priest.
The orc priest invokes the aid of Beogh against you.
Pain shoots through your body!
You shoot a sling bullet.
The sling bullet closely misses the orc priest.
The orc priest hits you but does no damage.
You shoot a sling bullet. The sling bullet hits the orc priest.
The orc priest is almost dead.
The orc priest hits you but does no damage. x2
You shoot a sling bullet.
The sling bullet hits the orc priest but does no damage.
The orc priest is almost dead.
The orc priest misses you.
You shoot a sling bullet.
The sling bullet closely misses the orc priest.
The orc priest hits you with a +3 mace.
You shoot a sling bullet. The orc priest shouts!
The sling bullet hits the orc priest.
You kill the orc priest!
The orc priest calls down the wrath of Beogh upon you.
Pain shoots through your body!
You have reached level 6!
2385 ||| DRINKING potion of heal wounds.
You feel much better.
The orc priest invokes the aid of Beogh against you.
Beogh smites you!
You shoot a sling bullet. The sling bullet hits the orc priest.
The orc priest is moderately wounded.
You shoot a sling bullet. The sling bullet hits the orc priest.
The orc priest is severely wounded.
The orc priest calls down the wrath of Beogh upon you.
Beogh smites you!
You shoot a sling bullet.
The sling bullet closely misses the orc priest.
The orc priest calls down the wrath of Beogh upon you.
Beogh smites you!
You die...

#.. #.. ###..
#####....
#########.....#..
##......)..#####..
###..#######.######.
#...................
#.#@...............#
#.)##............##.
#.)# #o.........#.#.
#... .##......##.#..
#.... #.#....#.##...
#....#.#.####.#.#...
#..[..#.##..##.#....
#....oo #....##.....
#....o..............


You could see an orc priest.

Vanquished Creatures
  A kobold brigand (Sewer)
  An orc priest (D:3)
  3 adders
  2 river rats (Sewer)
  3 worms
  A dart slug (D:2)
  6 orcs (D:3)
  2 ball pythons
  6 endoplasms
  5 giant cockroaches
  2 goblins
  6 hobgoblins
  3 jackals (D:2)
  2 quokkas
  5 bats
  3 frilled lizards
  5 kobolds
  6 rats
62 creatures vanquished.

Notes
Turn   | Place    | Note
-------+----------+-------------------------------------------
     0 | D:1      | qw the Gargoyle Hexslinger began the quest for the Orb.
     0 | D:1      | Reached XP level 1. HP: 12/12 MP: 2/2
     0 | D:1      | 0 ||| qw: Version: 0.3-a-46-gb1f654a
     0 | D:1      | 0 ||| qw: Game counter: 1760
     0 | D:1      | 0 ||| qw: Melee chars always use a shield: true
     0 | D:1      | 0 ||| qw: God list: Okawaru
     0 | D:1      | 0 ||| qw: Allow faded altars: false
     0 | D:1      | 0 ||| qw: Do Orc after clearing Dungeon:15 true
     0 | D:1      | 0 ||| qw: Do second Lair branch before Depths: true
     0 | D:1      | 0 ||| qw: Lair rune preference: random
     0 | D:1      | 0 ||| qw: Goals: Normal
     0 | D:1      | 0 ||| PLANNING D:1-11
   441 | D:1      | Reached XP level 2. HP: 16/16 MP: 3/3
   523 | D:1      | Reached skill level 3 in Ranged Weapons
   741 | D:1      | 741 ||| READING scroll labelled PUPESI GACS.
   744 | D:1      | 744 ||| READING scroll labelled IMELUO SUMOUF.
   745 | D:1      | 745 ||| READING scroll labelled UZUPTA KAETOA.
   746 | D:1      | 746 ||| DRINKING 2 metallic cyan potions.
   747 | D:1      | 747 ||| DROPPING scroll of poison.
   748 | D:1      | 748 ||| DROPPING potion of brilliance.
   875 | D:2      | Reached XP level 3. HP: 21/21 MP: 4/4
  1253 | D:2      | Found a faded altar of an unknown god.
  1284 | D:2      | 1284 ||| UPGRADING to +0 helmet.
  1293 | D:2      | 1293 ||| UPGRADING to +0 ring mail.
  1307 | D:2      | 1307 ||| DROPPING +0 robe.
  1308 | D:2      | 1308 ||| UPGRADING to +0 cloak.
  1528 | D:2      | 1528 ||| READING scroll labelled MAWIS QIAG.
  1529 | D:2      | 1529 ||| READING scroll labelled CERAWA NOTUSS.
  1530 | D:2      | 1530 ||| READING scroll labelled ERELLEM ISOUGUMM.
  1558 | D:3      | 1558 ||| PLANNING SEWER
  1627 | D:3      | Reached skill level 1 in Armour
  1627 | D:3      | Reached XP level 4. HP: 26/26 MP: 5/5
  1747 | D:3      | Reached skill level 4 in Ranged Weapons
  1963 | D:3      | Found a glowing drain.
  1964 | D:3      | 1964 ||| READING scroll labelled CAJORA WUEQI.
  1965 | D:3      | 1965 ||| READING scroll labelled QECOTEDAUS.
  1966 | D:3      | 1966 ||| DRINKING 3 black potions.
  1996 | Sewer    | Entered a sewer
  2006 | Sewer    | HP: 5/26 [river rat (2)]
  2009 | Sewer    | Reached XP level 5. HP: 7/30 MP: 6/6
  2158 | Sewer    | Noticed a kobold brigand
  2160 | Sewer    | 2160 ||| Stepping ~*~*~tactically~*~*~ (water).
  2176 | Sewer    | Killed a kobold brigand
  2177 | Sewer    | Reached skill level 5 in Ranged Weapons
  2217 | Sewer    | Found a white marble altar of Elyvilon.
  2261 | D:3      | 2261 ||| PLANNING D:1-11
  2365 | D:3      | 2365 ||| Stepping ~*~*~tactically~*~*~ (outnumbered).
  2384 | D:3      | HP: 4/30 [orc priest/nerve-wracking pain (5)]
  2385 | D:3      | Reached XP level 6. HP: 5/36 MP: 7/7
  2385 | D:3      | 2385 ||| DRINKING potion of heal wounds.
  2388 | D:3      | Killed from afar by an orc priest

Levels and vault maps discovered:
D:1:      scummos_arrival_forest, layout_basic
D:2:      layout_loops_ring, hellmonk_ecumenical_altar_lost_god, minivault_26,
          serial_bayou_lagoon_b
D:3:      layout_rooms, cheibrodos_sewer_entry_drain, hex_medium,
          minmay_misc_feat_secret_circle, nicolae_titane

Skill      XL: |  1  2  3  4  5 |
---------------+----------------+-----
Ranged Weapons | 3 4 5 |  5.2
Fighting       | 2 |  2.8
Armour         | 1 |  1.4
Dodging        | |  1.5
Spellcasting   | |  1.0
Hexes          | |  2.6

Action                     |  1- 3 |  4- 6 || total
---------------------------+-------+-------++-------
   Fire: Sling             |   141 |   116 ||   257
    Use: Scroll            |     6 |     2 ||     8
         Potion            |     1 |     2 ||     3
 Armour: Robe              |    18 |       ||    18
         Ring mail         |     6 |    33 ||    39
  Dodge: Dodged            |    50 |    40 ||    90

Table legend:
 A = Non-vault XP
 B = Vault XP
 C = Vault XP percentage of total XP
 D = Non-vault monster count
 E = Vault monster count
 F = Vault count percentage of total count
                 A         B        C        D         E       F
            +---------+---------+-------+---------+---------+-------
      Total |     185 |     136 |  42.4 |      53 |       9 |  14.5
            +---------+---------+-------+---------+---------+-------
        D:1 |      24 |       0 |   0.0 |      14 |       0 |   0.0
        D:2 |      49 |       0 |   0.0 |      18 |       0 |   0.0
        D:3 |     112 |       3 |   2.6 |      21 |       2 |   8.7
      Sewer |       0 |     133 | 100.0 |       0 |       7 | 100.0
            +---------+---------+-------+---------+---------+-------
